cohdb
Replays
Latest Replays
All Replays
Popular Replays
Top Player Replays
Match Explorer
How It Works
Community
CoH3 Stats
Reddit
Sign in to upload your games and track your stats! →
Sign in with Steam
Match 41238761
Unlisted
Match 41238761
Overview
Messages
Build Orders
End
Construct Weapon Support Center
Selects Advanced Infantry Battlegroup
Engineer Squad
M1919 Machine Gun Team
Construct Barracks
Riflemen Squad
Selects Convert to Ranger Squad
Infantry Support Center
Convert to Ranger Squad
Ranger Squad
Selects Frontline Medical Station
Frontline Medical Station
Advanced Logistics
Survival Training
Selects Ranger Weapon Training
Improved M9 Bazooka Rockets
Ranger Squad
Selects Ranger Weapon Training
Selects Ammunition Storage
Ranger Squad
Munitions Surplus
Ranger Squad
Selects M2A1 105mm Howitzer Emplacement
Selects 155mm Rapid Artillery Barrage
Captain Retinue
Frontline Medical Station
Ranger Squad
wl_kaelthas
Boy with Snapple
huaichen
Lengleng
Contact Mike
CPU - VERY EASY
0
0
Comments
sign in to comment!
No comments posted yet!